 Dungeon Crawl Stone Soup version 0.19.4 (webtiles) character file.

79 Jerry the Slasher (level 4, -4/40 HPs)
             Began as a Minotaur Monk on Jan 31, 2017.
             Killed by divine providence
             ... invoked by an orc priest
              (9 damage)
             ... on level 3 of the Dungeon.
             The game lasted 00:03:21 (1609 turns).

Jerry the Slasher (Minotaur Monk)                   Turns: 1609, Time: 00:03:23

Health: -4/40      AC:  9    Str: 16    XL:     4   Next: 17%
Magic:  0/3        EV:  8    Int:  7    God:
Gold:   90         SH:  0    Dex: 13    Spells: 0 memorised, 3 levels left

rFire  . . .     SeeInvis .     a - +0 falchion
rCold  . . .     Gourm    .     e - +0 chain mail
rNeg   . . .     Faith    .     (no shield)
rPois  .         Spirit   +     d - +1 hat
rElec  .         Reflect  .     (no cloak)
rCorr  .         Harm     .     (no gloves)
MR     .....                    (no boots)
Stlth  ..........               n - amulet of guardian spirit
                                (no ring)
                                (no ring)

@: lethally poisoned (-4 -> -12)
A: retaliatory headbutt, horns 2
a: no special abilities


You were on level 3 of the Dungeon.
You were not hungry.

You visited 1 branch of the dungeon, and saw 3 of its levels.

You collected 90 gold pieces.

Inventory:

Hand Weapons
 a - a +0 falchion (weapon)
Armour
 d - a +1 hat (worn)
 e - a +0 chain mail (worn)
Jewellery
 n - an amulet of guardian spirit (around neck)
Scrolls
 b - a scroll of magic mapping {unknown}
 k - a scroll of enchant armour {unknown}
 m - a scroll of fear {unknown}
Potions
 j - 2 potions of flight {unknown}
 l - a potion of heal wounds {unknown}
Comestibles
 c - a bread ration
 g - a meat ration
 h - 4 fruits
 i - a slice of pizza


   Skills:
 + Level 3.9 Fighting
 * Level 5.0 Long Blades
 + Level 1.3 Armour
 + Level 3.9 Dodging
 - Level 1.5 Stealth


You had 3 spell levels left.
You didn't know any spells.

Dungeon Overview and Level Annotations

Branches:
Dungeon (3/15)

Altars:
Ru
Uskayaw


Innate Abilities, Weirdness & Mutations

You reflexively headbutt those who attack you in melee.
You have a pair of horns on your head.


Message History

You hit the orc priest. You headbutt the orc priest!
The orc priest is heavily wounded.
* * * LOW HITPOINT WARNING * * *
You feel sick.
The orc priest looks braver for a moment.
The kobold hits you with an uncursed dagger.
* * * LOW HITPOINT WARNING * * *
You hit the orc priest but do no damage.
You headbutt the orc priest, but do no damage.
The orc priest is heavily wounded.
The orc priest hits you but does no damage.
The kobold hits you with an uncursed dagger.
* * * LOW HITPOINT WARNING * * *
You hit the orc priest.
The orc priest is severely wounded.
* * * LOW HITPOINT WARNING * * *
You feel sick.
The orc priest invokes the aid of Beogh against you.
Beogh smites you!
You die...

#.)....).....#
#..8..._...8.#
##....###....#
####.......###
....##.#..## ###
.##.##...## ....
.##.##.### .....
.##....###########.....>
...............(@o.>....
....##.##.#######K$..$..
.....#.##.# .......
###..#.##.# $......
#.#.##.# ....... .#.##.#
.###### ..##.# .# .. #.#
.# #.#


You could see an orc priest and a kobold.

Vanquished Creatures
  An adder (D:2)
  An ooze (D:2)
  2 worms (D:2)
  A dart slug (D:1)
  A leopard gecko (D:2)
  2 orcs (D:3)
  4 giant cockroaches
  10 hobgoblins
  6 jackals
  4 kobolds
  2 ball pythons (D:2)
  3 bats
  A frilled lizard (D:1)
  8 goblins
  3 rats
49 creatures vanquished.

Notes
Turn   | Place    | Note
-------+----------+-------------------------------------------
     0 | D:1      | Jerry the Minotaur Monk began the quest for the Orb.
     0 | D:1      | Reached XP level 1. HP: 19/19 MP: 0/0
   189 | D:1      | Reached XP level 2. HP: 12/27 MP: 1/1
   191 | D:1      | Reached skill level 4 in Long Blades
   462 | D:1      | Reached skill level 1 in Armour
   696 | D:1      | Reached XP level 3. HP: 33/33 MP: 2/2
   839 | D:2      | Found a sacrificial altar of Ru.
  1078 | D:2      | Reached skill level 5 in Long Blades
  1344 | D:2      | Reached XP level 4. HP: 40/40 MP: 3/3
  1549 | D:3      | Found a hide-covered altar of Uskayaw.
  1609 | D:3      | Killed from afar by an orc priest

Skill      XL: |  1  2  3 |
---------------+----------+-----
Long Blades    | 4 5 |  5.0
Armour         | 1 |  1.3
Fighting       | |  3.9
Dodging        | |  3.9
Stealth        | |  1.5

Action                   |  1- 3 |  4- 6 || total
-------------------------+-------+-------++-------
Melee: Falchion          |    83 |    25 ||   108
       Headbutt          |    19 |     8 ||    27
  Use: Scroll            |       |     2 ||     2
 Stab: Sleeping          |     4 |       ||     4
  Eat: Chunk             |     1 |     1 ||     2
Armor: Robe              |    12 |       ||    12
       Chain mail        |       |    13 ||    13
Dodge: Dodged            |    46 |     9 ||    55
       Rpst.: Falchion   |    11 |     4 ||    15
